 Dungeon Crawl Stone Soup version 0.28.0-43-g3370ac3207 (webtiles) character file.

Game seed: 2466992251966156663

103 pkoi the Covered (level 4, -14/41 HPs)
             Began as a Minotaur Fighter on Mar 14, 2022.
             Engulfed by a cloud of flame (22 damage)
             ... on level 3 of the Dungeon.
             The game lasted 00:02:02 (3291 turns).

pkoi the Covered (Minotaur Fighter)                 Turns: 3291, Time: 00:02:02

Health: -14/41     AC:  7    Str: 22    XL:     4   Next: 51%
Magic:  3/3        EV: 10    Int:  5    God:
Gold:   87         SH:  5    Dex: 10    Spells: 3/3 levels left

rFire   . . .      SeeInvis .   a - +0 long sword
rCold   . . .      Faith    .   c - +1 buckler
rNeg    . . .      Spirit   .   f - +0 steam dragon scales
rPois   .          Reflect  .   (helmet restricted)
rElec   .          Harm     .   (no cloak)
rCorr   .          Rampage  .   e - +0 pair of gloves
Will    .....                   (no boots)
Stlth   +.........              (no amulet)
HPRegen 0.13/turn               (no ring)
MPRegen 0.08/turn               (no ring)

@: no status effects
A: horns 2, retaliatory headbutt
a: no special abilities


You were on level 3 of the Dungeon.
You visited 1 branch of the dungeon, and saw 3 of its levels.

You collected 87 gold pieces.

Inventory:

Hand Weapons
 a - a +0 long sword (weapon)
Armour
 b - a +0 scale mail
 c - a +1 buckler (worn)
 e - a +0 pair of gloves (worn)
 f - +0 steam dragon scales (worn)
Scrolls
 g - 2 scrolls of identify
 h - a scroll of enchant weapon
Potions
 d - a potion of might
 i - 2 potions of mutation {unknown}


   Skills:
 + Level 4.3 Fighting
 * Level 4.1 Long Blades
 + Level 4.3 Armour
 + Level 4.3 Shields


You had 3 spell levels left.
You didn't know any spells.
Your spell library was empty.

Dungeon Overview and Level Annotations

Branches:
Dungeon (3/15)

Altars:
Xom

Shops:
D:1 !


Innate Abilities, Weirdness & Mutations

You have a pair of horns on your head.
You reflexively headbutt those who attack you in melee.


Message History

You feel very sick. The adder bites you but does no damage.
You slash the adder!
You kill the adder!
You feel very sick.
The ball python bites you but does no damage.
The ball python grabs you. The ball python constricts you.
* * * LOW HITPOINT WARNING * * *
Unknown command.
You closely miss the ball python. You headbutt the ball python.
You kill the ball python!
You feel sick.
Unknown command.
You feel sick.
Things that are here:
a ball python corpse; an adder corpse You start resting.
You feel sick. x4
You are no longer poisoned.
You start resting.
You start resting.
HP restored.
You start waiting.
Done waiting.
You start waiting.
Done waiting.
j - a scroll labelled TAKEEGR VUNUD
Found a stone staircase leading down.
A bat comes into view.
As you read the scroll labelled TAKEEGR VUNUD, it crumbles to dust.
The creatures around you are filled with an inner flame!
It was a scroll of immolation.
You block the bat's attack.
You slash the bat!
The bat explodes!
The fiery explosion engulfs you!!
Ouch! That really hurt!
* * * LOW HITPOINT WARNING * * *
You are engulfed in blazing flames.
Ouch! That really hurt!
You die...

#......# ## ######......#
#.
............############.
#........................
#...........###...######.
.....>....##.....# #.
...####.###...## #.
###.##§####.# ##.## #.
......§§@...# #.# ##
##....§.##### #.# #.
#..###.# ##+# #. #. #.#
##...## #. #.# ##.....##
#. ..# ##.......## #. ..#
#.........###. ...
+.........'.†.
#.........###.


There were no monsters in sight!

Vanquished Creatures
  2 adders
  3 gnolls (D:3)
  2 dart slugs (D:2)
  6 ball pythons
  9 endoplasms
  2 goblins
  7 hobgoblins
  3 quokkas (D:1)
  5 bats
  4 frilled lizards
  3 kobolds
  6 rats
52 creatures vanquished.

Notes
Turn   | Place    | Note
-------+----------+-------------------------------------------
     0 | D:1      | pkoi the Minotaur Fighter began the quest for the Orb.
     0 | D:1      | Reached XP level 1. HP: 19/19 MP: 0/0
   509 | D:1      | Reached XP level 2. HP: 26/27 MP: 1/1
   542 | D:1      | Found Fiaque's Distillery.
   943 | D:1      | Found a faded altar of an unknown god.
  1110 | D:1      | Reached XP level 3. HP: 29/33 MP: 2/2
  1824 | D:2      | Found a shimmering altar of Xom.
  2291 | D:3      | Reached XP level 4. HP: 29/40 MP: 3/3
  3291 | D:3      | Engulfed by a cloud of flame

Illustrated notes

Levels and vault maps discovered:
D:1:      dpeg_arrival_orchard, layout_loops_corners, basic_ecumenical_altar,
          serial_shops, shop, minmay_ruptured
D:2:      layout_loops_cross, basic_altar, nrook_mini_vaults,
          minmay_misc_feat_encased, minivault_27
D:3:      layout_loops_corners

Skill      XL: |  1  2  3  4 |
---------------+-------------+-----
Long Blades    | 3 4 |  4.1
Shields        | 4 |  4.3
Fighting       | 4 |  4.3
Armour         | 4 |  4.3

Action                   |  1- 3 |  4- 6 || total
-------------------------+-------+-------++-------
Melee: Long sword        |   110 |    21 ||   131
       Headbutt          |    12 |     3 ||    15
  Use: Scroll            |     3 |     1 ||     4
Armor: Scale mail        |    15 |       ||    15
       Steam dragon scal |    31 |     7 ||    38
Dodge: Dodged            |    37 |     6 ||    43
Block: Buckler           |    22 |     7 ||    29
